 Dungeon Crawl Stone Soup version 0.21.1-1-g345015f (webtiles) character file.

4355 kae the Martial Artist (level 10, 0/83 HPs)
             Began as a Demonspawn Monk on May 2, 2018.
             Was a Priest of Wu Jian.
             Slain by shugdite's ghost (8 damage)
             ... on level 8 of the Dungeon on May 3, 2018.
             The game lasted 00:14:36 (10745 turns).

kae the Martial Artist (Demonspawn Monk)           Turns: 10745, Time: 00:14:37

Health: 0/83       AC: 12    Str: 11    XL:     10   Next: 12%
Magic:  10/10      EV: 13    Int: 11    God:    Wu Jian [***...]
Gold:   327        SH:  0    Dex: 20    Spells: 9/9 levels left

rFire    + + .     SeeInvis .     - Unarmed
rCold    . . .     Gourm    .   (no shield)
rNeg     . . .     Faith    .   a - +0 robe
rPois    .         Spirit   .   B - +2 hat
rElec    .         Reflect  .   (no cloak)
rCorr    .         Harm     .   g - +0 pair of gloves
MR       .....                  i - +2 pair of boots
Stlth    +++.......             m - amulet of magic regeneration
HPRegen  0.23/turn              e - ring of protection from fire
MPRegen  0.37/turn              o - ring of flight

@: exhausted
A: horns 2, molten scales 3, nightstalker 1, powered by death 1, augmentation 1
a: Wall Jump, Serpent's Lash, Renounce Religion, Evoke Flight


You were on level 8 of the Dungeon.
You worshipped Wu Jian.
Wu Jian was most pleased with you.
You were hungry.

You visited 2 branches of the dungeon, and saw 9 of its levels.

You collected 327 gold pieces.

Inventory:

Armour
 a - a +0 robe (worn)
 d - a +0 pair of boots
 g - a +0 pair of gloves (worn)
 i - a +2 pair of boots (worn)
 B - a +2 hat (worn)
Jewellery
 e - a ring of protection from fire (left hand)
 m - an amulet of magic regeneration (around neck)
 o - a ring of flight (right hand)
 C - an uncursed ring of positive energy {unknown}
Wands
 j - a wand of paralysis (12)
 n - a wand of iceblast (4)
 r - a wand of random effects (58)
 s - a wand of digging (10)
 y - a wand of flame (26)
 D - a wand of disintegration (13)
Scrolls
 k - 3 scrolls of enchant weapon
 v - 2 scrolls of teleportation
 x - a scroll of remove curse
Potions
 f - 2 potions of haste
 h - a potion of curing
 l - 3 potions of brilliance
 p - a potion of might
 q - a potion of resistance {unknown}
 t - 2 potions of agility
 u - a potion of mutation {unknown}
 z - a potion of degeneration {unknown}
 A - a potion of flight {unknown}
Comestibles
 b - 11 rations


   Skills:
 + Level 9.1 Fighting
 - Level 2.6 Dodging
 - Level 1.7 Stealth
 * Level 11.3 Unarmed Combat


You had 9 spell levels left.
You didn't know any spells.

Dungeon Overview and Level Annotations

Branches:
Dungeon (8/15)             Temple (1/1) D:5
   Lair: D:8-11

Altars:
Ashenzari
Cheibriados
Dithmenos
Elyvilon
Fedhas
Gozag
Hepliaklqana
Kikubaaqudgha
Makhleb
Nemelex Xobeh
Okawaru
Qazlal
Ru
Sif Muna
Trog
Uskayaw
Vehumet
Wu Jian
Xom
Yredelemnul
Zin
The Shining One

Annotations:
D:8 shugdite's ghost, novice MiFi


Innate Abilities, Weirdness & Mutations

You have a pair of horns on your head.
You are completely covered in molten scales. (AC +4, rF+)
You are slightly more attuned to the shadows.
You regenerate a little health from kills.
Your magical and physical power is slightly enhanced at high health.


Message History

You hit shugdite's ghost. Your headbutt misses shugdite's ghost.
Shugdite's ghost is severely damaged.
Shugdite's ghost hits you! Shugdite's ghost hits you!!
* * * LOW HITPOINT WARNING * * *
Shugdite's ghost ripples.
You feel much better. Shugdite's ghost hits you!!
* * * LOW HITPOINT WARNING * * *
You repeatedly attack shugdite's ghost from above.
You barely miss shugdite's ghost.
Shugdite's ghost is severely damaged.
You hit shugdite's ghost but do no damage.
You headbutt shugdite's ghost.
Shugdite's ghost is severely damaged.
You barely miss shugdite's ghost.
Shugdite's ghost is severely damaged.
Shugdite's ghost hits you!
* * * LOW HITPOINT WARNING * * *
Shugdite's ghost says very slowly, "There's no hope."
Shugdite's ghost hits you!
You die...

.......#.#### ......W#...#.).#
.......#.# .......#...#...#
.......#.# ... .......#...#...#
.........# #'# ####...#####...#
....÷....# ##.####.#....W(.....#
.......#.# ..#....#....)).....+
.......#.#####.#.#.##...))...%..#
#....###.......#§§.##############
.#..#.###..###.§@#.# .#..##.#.#.#
##W§#.# .#..###.##.# #....######
.#..###.##.####.#........
.<......##.##........###.
##.#######.##.######.# #.# #.##.#
.# #.# #.##.# # #.#######.##.#


You could see shugdite's ghost.

Vanquished Creatures
  A two-headed ogre (D:8)
  The ghost of Terandir the Slasher, an amateur DrBe of Trog (D:4)
  Prince Ribbit (D:6)
  A wyvern (D:8)
  A hungry ghost (D:8)
  The ghost of Eltigrechino the Sneak, an amateur SpEn (D:3)
  An orc warrior (D:8)
  4 ice beasts
  A necrophage (D:8)
  2 ogres (D:7)
  A centaur (D:6)
  A big kobold (D:7)
  2 bullfrogs
  7 scorpions
  9 killer bees
  3 howler monkeys
  3 crimson imps
  3 hounds
  3 bullfrog skeletons
  4 orc priests
  An iron imp (D:5)
  2 jellies
  4 orc wizards
  An iguana (D:8)
  7 worker ants
  A hound zombie (D:6)
  3 hound skeletons
  3 worker ant zombies
  7 adders
  A shadow imp (D:7)
  An ooze (D:1)
  An adder zombie (D:7)
  An adder skeleton (D:7)
  A worm (D:2)
  2 dart slugs (D:2)
  5 leopard geckos
  23 orcs
  2 ball pythons
  11 giant cockroaches
  8 hobgoblins
  9 jackals
  4 quokkas
  16 bats
  5 frilled lizards
  5 goblins
  9 kobolds
  A leopard gecko zombie (D:6)
  A quokka skeleton (D:4)
  4 rats
189 creatures vanquished.

Notes
Turn   | Place    | Note
-------+----------+-------------------------------------------
     0 | D:1      | kae the Demonspawn Monk began the quest for the Orb.
     0 | D:1      | Reached XP level 1. HP: 18/18 MP: 1/1
    31 | D:1      | Reached skill level 3 in Unarmed Combat
    34 | D:1      | Gained mutation: You are partially covered in molten scales. (AC +2) [demonic ancestry]
    34 | D:1      | Reached XP level 2. HP: 9/24 MP: 2/2
  1043 | D:2      | Gained mutation: You have a pair of small horns on your head. [demonic ancestry]
  1043 | D:2      | Reached XP level 3. HP: 29/29 MP: 3/3
  1783 | D:2      | Found a white marble altar of Elyvilon.
  2187 | D:3      | Noticed Eltigrechino's ghost (amateur SpEn)
  2508 | D:3      | Reached skill level 4 in Unarmed Combat
  2508 | D:3      | Gained mutation: You regenerate a little health from kills. [demonic ancestry]
  2508 | D:3      | Reached XP level 4. HP: 12/37 MP: 4/4
  2871 | D:3      | Killed Eltigrechino's ghost
  2871 | D:3      | Reached skill level 5 in Unarmed Combat
  2871 | D:3      | Gained mutation: You are slightly more attuned to the shadows. [demonic ancestry]
  2871 | D:3      | Reached XP level 5. HP: 25/43 MP: 5/5
  3106 | D:4      | Found a stormy altar of Qazlal.
  3538 | D:4      | Gained mutation: You are mostly covered in molten scales. (AC +3) [demonic ancestry]
  3538 | D:4      | Reached XP level 6. HP: 41/49 MP: 6/6
  3810 | D:4      | Noticed Terandir's ghost (amateur DrBe)
  4038 | D:4      | HP: 1/50 [Terandir's ghost (8)]
  4042 | D:4      | Killed Terandir's ghost
  4042 | D:4      | Reached skill level 5 in Fighting
  4042 | D:4      | Reached skill level 6 in Unarmed Combat
  4042 | D:4      | Reached XP level 7. HP: 2/56 MP: 7/7
  4555 | D:4      | Found a bloodstained altar of Trog.
  4555 | D:4      | Found a blossoming altar of Fedhas.
  4898 | D:4      | Reached skill level 7 in Unarmed Combat
  5076 | D:5      | Entered Level 5 of the Dungeon
  5300 | D:5      | Found a snail-covered altar of Cheibriados.
  5335 | D:5      | Gained mutation: You are completely covered in molten scales. (AC +4, rF+) [demonic ancestry]
  5335 | D:5      | Reached XP level 8. HP: 60/64 MP: 8/8
  5722 | D:5      | Found a sparkling altar of Nemelex Xobeh.
  5746 | D:5      | Found a staircase to the Ecumenical Temple.
  5790 | Temple   | Entered the Ecumenical Temple
  5914 | Temple   | Became a worshipper of the Wu Jian Council
  5914 | Temple   | Reached * piety under Wu Jian
  5914 | Temple   | Reached ** piety under Wu Jian
  5961 | D:5      | Reached skill level 8 in Unarmed Combat
  6917 | D:6      | Found a glowing golden altar of the Shining One.
  7297 | D:6      | Reached skill level 9 in Unarmed Combat
  7423 | D:6      | Found a basalt altar of Yredelemnul.
  7570 | D:6      | Found a basalt altar of Yredelemnul.
  7573 | D:6      | Noticed a profane servitor
  7583 | D:6      | Noticed an angel
  7651 | D:6      | Noticed Prince Ribbit
  7668 | D:6      | Killed Prince Ribbit
  7668 | D:6      | Gained mutation: You have a pair of horns on your head. [demonic ancestry]
  7668 | D:6      | Reached XP level 9. HP: 37/72 MP: 9/9
  8894 | D:7      | Reached *** piety under Wu Jian
  8894 | D:7      | Reached skill level 10 in Unarmed Combat
  9258 | D:7      | You fall through a shaft!
  9281 | D:8      | Noticed a two-headed ogre
  9302 | D:8      | Killed a two-headed ogre
  9593 | D:8      | Reached skill level 11 in Unarmed Combat
  9656 | D:8      | Noticed shugdite's ghost (novice MiFi)
  9770 | D:8      | Gained mutation: Your magical and physical power is slightly enhanced at high health. [demonic ancestry]
  9770 | D:8      | Reached XP level 10. HP: 26/82 MP: 10/10
 10267 | D:8      | Found a burning altar of Makhleb.
 10745 | D:8      | Slain by shugdite's ghost

Skill      XL: |  1  2  3  4  5  6  7  8  9 10 |
---------------+-------------------------------+-----
Unarmed Combat | 3 4 5 6 7 9 11 | 11.3
Fighting       | 4 5 6 7 8 9 |  9.1
Dodging        | |  2.6
Stealth        | |  1.7

Action                   |  1- 3 |  4- 6 |  7- 9 | 10-12 || total
-------------------------+-------+-------+-------+-------++-------
Melee: Unarmed           |   199 |   189 |   439 |    39 ||   866
       Punch             |     1 |     1 |    20 |     1 ||    23
       Headbutt          |    13 |    34 |    85 |     9 ||   141
Invok: Whirlwind         |       |       |    59 |     1 ||    60
       Lunge             |       |       |    20 |     4 ||    24
       Wall Jump         |       |       |    15 |     3 ||    18
       Serpent's Lash    |       |       |     2 |     1 ||     3
Evoke: Wand              |       |       |     1 |       ||     1
  Use: Scroll            |     1 |       |     8 |     1 ||    10
       Potion            |       |     4 |     1 |     1 ||     6
 Stab: Sleeping          |     6 |     3 |    16 |     1 ||    26
       Distracted        |       |     1 |     3 |       ||     4
       Held in net/web   |       |       |     1 |       ||     1
  Eat: Chunk             |     4 |     5 |    16 |     3 ||    28
       Ration            |       |       |     1 |       ||     1
Armor: Robe              |    47 |    64 |   124 |     5 ||   240
       Skin              |       |     2 |     1 |       ||     3
Dodge: Dodged            |   136 |    96 |   249 |     9 ||   490
